 Dungeon Crawl Stone Soup version 0.27.1-4-g1640c2035a (webtiles) character file.

Game seed: 17124643641248210494

376 avis the Skirmisher (level 6, -1/44 HPs)
             Began as an Octopode Transmuter on Nov 7, 2021.
             Slain by a killer bee (8 damage)
             ... on level 4 of the Dungeon.
             The game lasted 00:19:05 (5071 turns).

avis the Skirmisher (Octopode Transmuter)           Turns: 5071, Time: 00:19:08

Health: -1/44      AC:  1    Str: 11    XL:     6   Next: 73%
Magic:  9/9        EV: 13    Int: 16    God:
Gold:   21         SH:  7    Dex: 12    Spells: 1/9 levels left

rFire    . . .     SeeInvis .   a - +3 long sword
rCold    . . .     Faith    .   j - +2 buckler
rNeg     . . .     Spirit   .   (helmet restricted)
rPois    .         Reflect  .   (no amulet)
rElec    .         Harm     .   e - ring of wizardry
rCorr    .         Rampage  .   (no ring)
Will     .....                  (no ring)
Stlth    +++.......             (no ring)
HPRegen  0.14/turn              (no ring)
MPRegen  0.11/turn              (no ring)
                                (no ring)
                                (no ring)

@: no status effects
A: almost no armour, amphibious, 8 rings, camouflage 1, gelatinous body 1,
(nimble swimmer 1), tentacles
a: no special abilities


You were on level 4 of the Dungeon.
You visited 1 branch of the dungeon, and saw 5 of its levels.

You collected 126 gold pieces.
You spent 105 gold pieces at shops.

Inventory:

Hand Weapons
 a - a +3 long sword (weapon)
 p - a +2 dagger of freezing
Missiles
 d - 81 stones
 i - 64 bolts
 s - 2 poisoned darts
 w - 3 throwing nets
 B - 8 sling bullets
Armour
 j - a +2 buckler (worn)
Jewellery
 e - a ring of wizardry (left tentacle)
 q - an amulet of guardian spirit
Scrolls
 c - a scroll of acquirement {unknown}
 f - 4 scrolls of fear
 g - 6 scrolls of teleportation {unknown}
 o - 4 scrolls of identify
 u - a scroll of blinking {unknown}
 v - a scroll of enchant weapon {unknown}
 y - 3 scrolls of fog
 z - a scroll of torment {unknown}
Potions
 b - 4 potions of cancellation {unknown}
 h - a potion of attraction {unknown}
 k - a potion of lignification {unknown}
 l - 2 potions of curing
 m - a potion of heal wounds {unknown}
 n - a potion of ambrosia {unknown}
 r - a potion of magic {unknown}
 t - 3 potions of haste {unknown}
 x - a potion of resistance {unknown}
 A - a potion of mutation {unknown}


   Skills:
 * Level 4.7 Fighting
 - Level 2.0 Dodging
 - Level 1.0 Stealth
 - Level 4.0 Shields
 - Level 3.0 Unarmed Combat
 - Level 2.0 Spellcasting
 - Level 2.0 Transmutations
 - Level 2.0 Poison Magic


You had one spell level left.
You knew the following spells:

 Your Spells              Type           Power      Damage    Failure   Level
a - Beastly Appendage     Tmut           16%        N/A       3%          1
c - Passwall              Tmut/Erth      3%         N/A       9%          2
e - Wereblood             Tmut           8%         N/A       6%          2
p - Spider Form           Tmut/Pois      4%         N/A       11%         3

Your spell library contained the following spells:

 Spells                   Type           Power      Damage    Failure   Level
 Swiftness                Air            1%         N/A       24%         3
 Ice Form                 Ice/Tmut       4%         N/A       45%         4
 Invisibility             Hex            0%         N/A       100%        6


Dungeon Overview and Level Annotations

Branches:
Dungeon (5/15)
 Temple: D:4-7

Altars:
Yredelemnul

Shops:
D:5 [:!*

Annotations:
D:5 1 transporter, Pikel


Innate Abilities, Weirdness & Mutations

You cannot wear most types of armour.
You are amphibious.
You can wear up to eight rings at the same time.
Your skin changes colour to match your surroundings (Stealth+).
Your rubbery body absorbs attacks. (AC +1, EV +1)
((You are camouflaged near water. (Stealth+)))
You have tentacles for arms and can constrict up to eight enemies at once.


Message History

You hit the killer bee. You squeeze the killer bee.
The killer bee is almost dead.
You constrict the killer bee.
You kill the killer bee!
Pikel the Slaver comes into view.
He is wielding a +1 whip of flaming.
The killer bee stings you.
You are poisoned.
The killer bee poisons you!
You feel sick.
The killer bee stings you but does no damage.
You feel sick. The killer bee stings you!
* * * LOW HITPOINT WARNING * * *
You are lethally poisoned!
The killer bee poisons you!
There is a stone staircase leading up, spattered with blood here.
You feel better. The killer bee barely misses you. The killer bee stings you.
You block the killer bee's attack. x2
You climb upwards.
There is a stone staircase leading down here.
You miss the killer bee. Your grab misses the killer bee.
The killer bee stings you!
* * * LOW HITPOINT WARNING * * *
The killer bee misses you. The killer bee closely misses you.
You riposte.
You closely miss the killer bee. Your grab misses the killer bee.
You squeeze the killer bee.
The killer bee is moderately wounded.
You miss the killer bee. Your grab misses the killer bee.
Your squeeze misses the killer bee.
The killer bee is moderately wounded.
The killer bee closely misses you.
You riposte.
You slash the killer bee! Your grab misses the killer bee.
The killer bee is almost dead.
The killer bee closely misses you. You block the killer bee's attack.
You closely miss the killer bee. Your grab misses the killer bee.
The killer bee is almost dead.
The killer bee closely misses you.
You riposte.
You closely miss the killer bee. Your grab misses the killer bee.
The killer bee is almost dead.
The killer bee stings you!
You die...

....############
...........<...#
#.############.# #.#
#.# #.# #.# #'## #.#
.).## ###.# ....##
###...##### .....##
#.....y@..#
......####...#####.#
......'..........#.#
......####...###.#.#
.....## #.....#.#.#
....## #.###.#.#.#
...## #.........#
#+## #####.##### #.#
#.#


You could see a killer bee.

Vanquished Creatures
  A scorpion (D:4)
  2 killer bees (D:5)
  A scorpion zombie (D:5)
  2 iguanas (D:4)
  An orc wizard (D:3)
  2 adders
  3 gnolls (D:3)
  A dart slug (D:4)
  10 orcs
  7 endoplasms
  5 giant cockroaches
  6 hobgoblins
  6 kobolds
  2 quokkas
  7 ball pythons
  5 bats
  3 frilled lizards
  7 goblins
  6 rats
77 creatures vanquished.

Notes
Turn   | Place    | Note
-------+----------+-------------------------------------------
     0 | D:1      | avis the Octopode Transmuter began the quest for the Orb.
     0 | D:1      | Reached XP level 1. HP: 13/13 MP: 3/3
   202 | D:1      | Found a faded altar of an unknown god.
   462 | D:1      | Reached XP level 2. HP: 19/19 MP: 5/5
  1074 | D:2      | You fall into a shaft and drop 1 floor!
  1168 | D:3      | Reached XP level 3. HP: 25/25 MP: 6/6
  1276 | D:2      | Learned a level 3 spell: Spider Form
  1506 | D:2      | Reached skill level 1 in Shields
  1924 | D:3      | Reached XP level 4. HP: 5/31 MP: 7/7
  2558 | D:3      | Reached XP level 5. HP: 28/36 MP: 8/8
  3317 | D:4      | Reached skill level 1 in Poison Magic
  3713 | D:4      | Found a basalt altar of Yredelemnul.
  3835 | D:4      | Reached skill level 1 in Stealth
  3850 | D:4      | Reached XP level 6. HP: 42/42 MP: 9/9
  4423 | D:4      | Learned a level 2 spell: Passwall
  4426 | D:4      | Learned a level 2 spell: Wereblood
  4543 | D:5      | Entered Level 5 of the Dungeon
  4544 | D:5      | Found a transporter.
  4622 | D:5      | Found Juyhukaewow's Antique Armour Shop.
  4670 | D:5      | Identified the +1 chain mail of Gabreat {rF- rCorr Dex+4}
  4849 | D:5      | Found Jilocuh's General Store.
  4853 | D:5      | Bought a scroll of identify for 28 gold pieces
  4853 | D:5      | Bought a scroll of fog for 28 gold pieces
  4853 | D:5      | Bought a scroll of fear for 49 gold pieces
  4905 | D:5      | Found Moddud's Distillery.
  4979 | D:5      | Found Ufyogane's Book Boutique.
  5058 | D:5      | Noticed Pikel
  5071 | D:4      | Slain by a killer bee

Illustrated notes

Levels and vault maps discovered:
D:1:      tarquinn_simple_flora_water_f, layout_basic,
          ebering_ecumenical_altar_petrified
D:2:      layout_loops_ring, grunt_decor_fettered
D:3:      layout_basic
D:4:      layout_loops_corners, yredelemnul_altar_generic
D:5:      layout_loops_ring, gammafunk_temple_overflow_pools, temple_hall_moat,
          serial_shops, nicolae_shop_stone, shop_statue, shop,
          nicolae_shop_trees, shop, gammafunk_ghost_mausoleum, minmay_pentangle,
          uniq_pikel

Skill      XL: |  1  2  3  4  5  6 |
---------------+-------------------+-----
Fighting       | 2 3 4 |  4.7
Shields        | 2 3 4 |  4.0
Poison Magic   | 2 |  2.0
Stealth        | 1 |  1.0
Dodging        | |  2.0
Unarmed Combat | |  3.0
Spellcasting   | |  2.0
Transmutations | |  2.0

Action                   |  1- 3 |  4- 6 || total
-------------------------+-------+-------++-------
Melee: Long sword        |    46 |    83 ||   129
       Unarmed           |     7 |       ||     7
       Constrict         |    22 |    19 ||    41
       Tentacles         |    15 |    16 ||    31
       Kick              |     1 |       ||     1
       Punch             |     2 |     2 ||     4
 Cast: Beastly Appendage |     3 |       ||     3
  Use: Potion            |       |     3 ||     3
 Stab: Sleeping          |     7 |     8 ||    15
Armor: Skin              |       |     4 ||     4
Dodge: Dodged            |    27 |    50 ||    77
Block: Buckler           |     3 |    24 ||    27
       Rpst.: Long sword |     9 |    19 ||    28
